 Dungeon Crawl Stone Soup version 0.18-a0-1800-gdc7a371 (webtiles) character file.

284 Kilingo the Shooter (level 6, 0/51 HPs)
             Began as a Minotaur Hunter on Apr 24, 2016.
             Slain by Grinder (4 damage)
             ... while paralysed by Grinder
             ... on level 4 of the Dungeon.
             The game lasted 00:49:40 (3516 turns).

Kilingo the Shooter (Minotaur Hunter)               Turns: 3516, Time: 00:49:41

Health: 0/51       AC:  7    Str: 16    XL:     6   Next: 7%
Magic:  5/5        EV:  2    Int:  8    God:
Gold:   200        SH:  0    Dex: 13    Spells: 0 memorised, 5 levels left

rFire  + . .     SeeInvis .     t - +2 quarterstaff (chaos)
rCold  x . .     Gourm    .     e - +0 ring mail
rNeg   . . .     Faith    .     (shield currently unavailable)
rPois  .         Spirit   .     (helmet restricted)
rElec  .         Dismiss  .     A - +0 cloak
rCorr  .         Reflect  .     m - +0 pair of gloves
SustAt .         Harm     .     (no boots)
MR     .....                    (no amulet)
Stlth  +.........               g - ring of fire
                                w - ring of wizardry

@: paralysed, not resistant to hostile enchantments, very unstealthy
A: retaliatory headbutt, horns 2
a: no special abilities


You were on level 4 of the Dungeon.
You were not hungry.

You visited 1 branch of the dungeon, and saw 4 of its levels.

You collected 200 gold pieces.

Inventory:

Hand Weapons
 a - a +1 shortbow
 b - a +2 dagger of venom
 c - a +0 flail of protection
 t - a +2 quarterstaff of chaos (weapon)
 B - a +0 hunting sling
Missiles
 n - a javelin (quivered)
 C - 73 sling bullets
Armour
 e - a +0 ring mail (worn)
 m - a +0 pair of gloves (worn)
 A - a +0 cloak (worn)
Jewellery
 g - a ring of fire (right hand)
 w - a ring of wizardry (left hand)
Scrolls
 h - a scroll of remove curse
 k - a scroll of enchant weapon {unknown}
 o - a scroll of enchant armour {unknown}
 q - a scroll of teleportation
 s - a scroll of random uselessness {unknown}
 y - a scroll of blinking {unknown}
Potions
 i - a potion of flight {unknown}
 p - a potion of degeneration {unknown}
 r - 2 potions of heal wounds
 u - a potion of brilliance {unknown}
 v - a potion of mutation
Comestibles
 f - 2 bread rations
 j - 3 meat rations
 l - 2 beef jerkies
 x - 2 fruits
 z - a chunk of flesh


   Skills:
 + Level 3.5 Fighting
 + Level 0.7 Short Blades
 + Level 6.5 Bows
 + Level 0.6 Throwing
 + Level 2.3 Armour
 + Level 3.2 Dodging
 + Level 1.0 Stealth


You had 5 spell levels left.
You didn't know any spells.

Dungeon Overview and Level Annotations

Branches:
Dungeon (4/15)
 Temple: D:4-7

Altars:
Qazlal

Annotations:
D:4 Grinder, Menkaure


Innate Abilities, Weirdness & Mutations

You reflexively headbutt those who attack you in melee.
You have a pair of horns on your head.


Message History

Grinder is moderately wounded.
Grinder barely misses you.
You closely miss Grinder. You headbutt Grinder, but do no damage.
Grinder is moderately wounded.
Grinder hits you.
You writhe in agony.
Your ring mail prevents you from hitting Grinder.
Grinder is moderately wounded.
Grinder hits you.
You writhe in agony.
Grinder gestures at you.
You suddenly lose the ability to move!
Grinder gestures at you. Pain shoots through your body! Grinder hits you.
You writhe in agony.
* * * LOW HITPOINT WARNING * * *
Grinder hits you!
* * * LOW HITPOINT WARNING * * *
You writhe in agony.
* * * LOW HITPOINT WARNING * * *
Grinder hits you.
You die...

.# # .. . .# .#
.##.# .(..# ...
#########(#
#......@5.# ##
###.###.#######
.# # ...
#........ .#.
#.###.#######
#.# #.....#
#.#### ###.###
###..[.# #.#
.......#####.#
###.....<....#


You could see Grinder.

Vanquished Creatures
  An orc priest (D:3)
  Crazy Yiuf (D:3)
  A hound (D:4)
  An orc wizard (D:3)
  4 adders
  2 oozes
  6 worms
  3 dart slugs
  A giant gecko (D:1)
  13 orcs (D:3)
  5 bats
  3 giant cockroaches (D:3)
  8 goblins
  8 hobgoblins
  8 jackals
  A quokka (D:3)
  A ball python (D:2)
  3 giant newts (D:2)
  7 kobolds
  11 rats
88 creatures vanquished.

Notes
Turn   | Place    | Note
--------------------------------------------------------------
     0 | D:1      | Kilingo the Minotaur Hunter began the quest for the Orb.
     0 | D:1      | Reached XP level 1. HP: 18/18 MP: 0/0
   551 | D:1      | Reached XP level 2. HP: 25/25 MP: 1/1
   713 | D:1      | Reached skill level 5 in Bows
   941 | D:2      | Found a faded altar to an unknown god.
  1001 | D:2      | Reached skill level 1 in Stealth
  1032 | D:2      | Reached XP level 3. HP: 30/30 MP: 2/2
  1912 | D:3      | Reached XP level 4. HP: 28/37 MP: 3/3
  1987 | D:3      | Found a stormy altar of Qazlal.
  2488 | D:3      | Noticed Crazy Yiuf
  2503 | D:3      | Killed Crazy Yiuf
  2503 | D:3      | Reached skill level 6 in Bows
  2503 | D:3      | Reached skill level 1 in Armour
  2661 | D:3      | Reached XP level 5. HP: 44/44 MP: 4/4
  3192 | D:4      | Noticed Menkaure
  3498 | D:4      | Noticed Grinder
  3503 | D:4      | Reached XP level 6. HP: 45/51 MP: 5/5
  3512 | D:4      | Paralysed by Grinder for 6 turns
  3516 | D:4      | Slain by Grinder

Vault maps used:
D:1:      matt_arrival_refuge
D:2:      ecumenical_altar_1
D:3:      kennysheep_six_static_rooms, overflow_temple_1_default, first_bread,
          nrook_uturn, minmay_ruptured, uniq_crazy_yiuf_cottage
D:4:      minmay_temple_entry_glassed_door, uniq_grinder, uniq_menkaure

Skill      XL: |  1  2  3  4  5 |
---------------+----------------+-----
Bows           | 5 6 |  6.5
Stealth        | 1 |  1.0
Armour         | 1 2 |  2.3
Dodging        | 3 |  3.2
Fighting       | 3 |  3.5
Short Blades   | |  0.7
Throwing       | |  0.6

Action                   |  1- 3 |  4- 6 || total
-------------------------+-------+-------++-------
Melee: Hand axe          |     7 |       ||     7
       Short sword       |    50 |    34 ||    84
       Headbutt          |     6 |    18 ||    24
       Dagger            |       |    36 ||    36
       Quarterstaff      |       |     9 ||     9
 Fire: Shortbow          |    83 |    58 ||   141
Throw: Javelin           |       |    19 ||    19
  Use: Scroll            |     4 |     4 ||     8
       Potion            |     1 |     3 ||     4
  Eat: Chunk             |     2 |     2 ||     4
       Bread ration      |     1 |       ||     1
Armor: Leather armour    |    11 |       ||    11
       Ring mail         |     3 |    24 ||    27
Dodge: Dodged            |    53 |    41 ||    94
